 Dungeon Crawl Stone Soup version 0.17.1-1-g73c8601 (webtiles) character file.

150 zornare the Insei (level 5, -11/39 HPs)
             Began as a Merfolk Transmuter on Dec 31, 2015.
             Killed by divine providence
             ... invoked by an orc priest
              (15 damage)
             ... on level 3 of the Dungeon.
             The game lasted 00:09:55 (2728 turns).

zornare the Insei (Merfolk Transmuter)              Turns: 2728, Time: 00:09:56

Health: -11/39     AC:  5    Str: 12    XL:     5   Next: 32%
Magic:  4/9        EV: 13    Int: 12    God:
Gold:   94         SH:  0    Dex: 14    Spells: 2 memorised, 5 levels left

rFire  . . .     SeeInvis .       - Unarmed
rCold  . . .     Clarity  .     b - +0 robe
rNeg   . . .     SustAt   .     (no shield)
rPois  .         Gourm    .     (no helmet)
rElec  .         Spirit   .     (no cloak)
rCorr  .         Warding  .     h - +2 pair of gloves
rMut   .         Stasis   .     (no boots)
MR     .....                    (no amulet)
Stlth  +.........               m - ring of wizardry
                                p - +1 ring of slaying

@: very slightly contaminated, not resistant to hostile enchantments, very
unstealthy
A: change form in water, swift swim
a: no special abilities


You were on level 3 of the Dungeon.
You were very hungry.

You visited 1 branch of the dungeon, and saw 3 of its levels.

You collected 94 gold pieces.

Inventory:

Missiles
 a - 12 arrows
Armour
 b - a +0 robe (worn)
 h - a +2 pair of gloves (worn)
Jewellery
 f - an uncursed ring of flight
 m - a ring of wizardry (right hand)
 p - a +1 ring of slaying (left hand)
Scrolls
 o - a scroll of teleportation
 q - 2 scrolls of remove curse
Potions
 e - a potion of lignification {unknown}
 i - a potion of haste {unknown}
 j - a potion of degeneration {unknown}
 k - 2 potions of heal wounds {unknown}
 l - 2 potions of curing {unknown}
Books
 c - a book of Changes

   Spells                             Type                      Level
   a - Beastly Appendage              Transmutation                1
   b - Sticks to Snakes               Transmutation                2
   c - Spider Form                    Transmutation/Poison         3
   d - Ice Form                       Ice/Transmutation            4
   e - Blade Hands                    Transmutation                5
 n - a book of the Tempests

   Spells                             Type                      Level
   a - Static Discharge               Conjuration/Air              3
   b - Lightning Bolt                 Conjuration/Air              5
   c - Fireball                       Conjuration/Fire             5
   d - Tornado                        Air                          9
   e - Shatter                        Earth                        9
Comestibles
 d - a bread ration


   Skills:
 * Level 2.5 Fighting
 + Level 3.6 Dodging
 * Level 4.7 Unarmed Combat
 + Level 2.7 Spellcasting
 + Level 3.1 Transmutations


You had 5 spell levels left.
You knew the following spells:

 Your Spells              Type           Power        Failure   Level  Hunger
a - Beastly Appendage     Trmt           #.....       4%          1    #......
b - Spider Form           Trmt/Pois      #.........   19%         3    ###....


Dungeon Overview and Level Annotations

Branches:
Dungeon (3/15)

Altars:
Qazlal


Message History

You hit the adder.
You kill the adder!
The orc priest invokes the aid of Beogh against you.
Pain shoots through your body!
Your transformation has ended.
Your +2 pair of gloves unmelds from your body.
Your +0 robe unmelds from your body.
The orc priest hits you but does no damage.
Items here: ) [[[ †† You hit the orc priest.
The orc priest is lightly wounded.
The orc priest calls down the wrath of Beogh upon you.
Something smites you!
* * * LOW HITPOINT WARNING * * *
All of the chunks of flesh in your inventory have rotted away.
You punch the orc priest!
The orc priest is heavily wounded.
The orc priest mumbles some strange prayers to Beogh against you.
Something smites you!
You die...

#..o..o....
#.###.#########.
#....S.).......[
#####o##########
#.# #.# #.#
#######.#
#<@o....#
#########


You could see an orc priest.

Vanquished Creatures
  An orc wizard (D:3)
  A hound zombie (D:3)
  2 adders
  3 gnolls
  An ooze (D:2)
  2 worms (D:2)
  2 giant geckos (D:2)
  3 orcs (D:3)
  2 giant cockroaches (D:2)
  8 hobgoblins
  7 kobolds
  A quokka (D:2)
  A ball python (D:2)
  5 bats
  4 giant newts
  4 rats
47 creatures vanquished.

Notes
Turn   | Place    | Note
--------------------------------------------------------------
     0 | D:1      | zornare the Merfolk Transmuter began the quest for the Orb.
     0 | D:1      | Reached XP level 1. HP: 15/15 MP: 3/3
   623 | D:1      | Reached XP level 2. HP: 19/21 MP: 5/5
  1046 | D:2      | Reached XP level 3. HP: 23/27 MP: 6/6
  1051 | D:2      | Learned a level 3 spell: Spider Form
  1196 | D:3      | Reached skill level 4 in Unarmed Combat
  1619 | D:2      | Reached XP level 4. HP: 20/33 MP: 3/7
  1981 | D:2      | Found a stormy altar of Qazlal.
  2720 | D:3      | Reached XP level 5. HP: 39/39 MP: 3/9
  2728 | D:3      | Killed from afar by an orc priest

Action                   |  1- 3 |  4- 6 || total
-------------------------+-------+-------++-------
Melee: Unarmed           |    85 |    98 ||   183
 Cast: Beastly Appendage |     7 |     3 ||    10
       Spider Form       |     3 |     2 ||     5
  Use: Scroll            |     4 |     3 ||     7
 Stab: Sleeping          |     1 |     1 ||     2
  Eat: Chunk             |     3 |     3 ||     6
